AoeStats
← sales96

African Clearing

510809421Analyzed
4v4 RM · 1d ago on Oct 2, 2026· 54m 38s· 8 players
Game mode
Random Map
Map size
Large (8 player)
Population
200
Speed
Normal
Resources
Standard
Victory
Conquest
Starting age
Dark Age
Ending age
Imperial Age
RankedLock teamsTeams togetherTeam positionsShared explorationLock speedFull tech treeHidden civsTurbo modeCheats
Victory
Defeat
🇦🇷 Varangians · Argentina
1549
+12
🇵🇱 Chinese · Poland
1543
+12
🇦🇷 Franks · Argentina
1460
+16
🇺🇸 Hindustanis · United States
1454
+16
🇫🇷 Vietnamese · France
1550
-18
🇫🇷 Sicilians · France
1544
-17
🇫🇷 Huns · France
1465
-14
🇫🇷 Cumans · France
1274
-7
Politox
5:51 Loom
12:00 Feudal Age
14:15 Double-Bit Axe
16:57 Scale Barding Armor
21:08 Forging
22:00 Wheelbarrow
24:53 Castle Age
25:54 Chain Barding Armor
25:35 Husbandry
26:01 Bow Saw
30:39 Iron Casting
42:17 Hand Cart
41:57 Stone Mining
41:58 Gold Mining
50:44 Imperial Age
49:31 Gold Shaft Mining
49:36 Scale Mail Armor
52:58 Imperial Age
50:48 Chain Mail Armor
52:07 Pikeman
52:50 Squires
52:38 Gambesons
53:07 Halberdier
53:35 Arson
54:22 Plate Mail Armor
54:53 Blast Furnace
55:25 Chemistry
sales96
12:44 Feudal Age
14:47 Loom
15:48 Town Watch
19:31 Castle Age
18:08 Scale Barding Armor
32:35 Wheelbarrow
32:20 Double-Bit Axe
32:15 Horse Collar
34:04 Bow Saw
33:54 Heavy Plow
39:08 Imperial Age
37:38 Chain Barding Armor
38:19 Bloodlines
38:10 Husbandry
38:23 Forging
39:50 Iron Casting
39:22 Gothikon
39:28 Elite Jarl
40:30 Conscription
40:30 Gothikon
43:21 Plate Barding Armor
43:47 Blast Furnace
42:17 Capped Ram
43:22 Gold Mining
45:18 Ballistics
45:58 Chemistry
47:08 Siege Ram
48:16 Light Cavalry
48:53 Hussar
53:43 Arson
53:58 Squires
Fs.Caboclo
9:30 Loom
14:11 Feudal Age
15:57 Double-Bit Axe
18:14 Castle Age
25:03 Forging
25:50 Scale Barding Armor
29:16 Wheelbarrow
30:27 Bow Saw
30:00 Horse Collar
30:11 Fletching
34:02 Imperial Age
31:19 Elite Skirmisher
32:01 Padded Archer Armor
33:06 Thumb Ring
33:17 Leather Archer Armor
34:55 Bodkin Arrow
35:23 Ballistics
36:23 Ring Archer Armor
36:38 Husbandry
38:30 Conscription
38:20 Bracer
39:39 Chemistry
40:14 Bloodlines
39:25 Heavy Camel Rider
41:05 Chain Barding Armor
41:47 Hand Cart
42:24 Heavy Plow
42:14 Gold Mining
44:39 Plate Barding Armor
45:39 Iron Casting
44:54 Town Watch
48:15 Imperial Camel Rider
49:55 Blast Furnace
PL_Piter
2:50 Loom
12:08 Feudal Age
12:45 Double-Bit Axe
16:38 Scale Barding Armor
17:37 Forging
19:05 Bloodlines
24:56 Castle Age
26:00 Light Cavalry
27:22 Chain Barding Armor
27:22 Horse Collar
28:42 Bow Saw
28:41 Town Watch
31:52 Wheelbarrow
32:47 Fletching
38:04 Bodkin Arrow
39:22 Padded Archer Armor
41:07 Leather Archer Armor
45:35 Thumb Ring
46:18 Ballistics
47:18 Hand Cart
49:16 Gold Mining
49:54 Hand Cart
50:55 Murder Holes
51:13 Masonry
52:35 Heavy Plow
57:32 Imperial Age
55:12 Town Patrol
Le Stratège
12:57 Feudal Age
12:52 Loom
13:38 Double-Bit Axe
16:21 Scale Barding Armor
17:09 Forging
18:20 Bloodlines
26:06 Castle Age
27:19 Fletching
26:56 Light Cavalry
27:38 Husbandry
28:47 Bodkin Arrow
31:34 Ballistics
31:24 Thumb Ring
38:28 Wheelbarrow
hartflie
12:39 Feudal Age
15:17 Double-Bit Axe
22:14 Castle Age
22:19 Stone Mining
22:19 Gold Mining
27:41 Horse Collar
34:50 Bloodlines
36:52 Scale Barding Armor
37:38 Scale Mail Armor
37:50 Forging
38:10 Bow Saw
39:46 Wheelbarrow
39:43 Chain Mail Armor
40:52 Iron Casting
43:46 Chain Barding Armor
Le Téméraire
9:24 Loom
11:43 Feudal Age
12:22 Double-Bit Axe
16:46 Fletching
19:57 Padded Archer Armor
23:04 Wheelbarrow
24:50 Castle Age
22:56 Gold Mining
25:22 Wheelbarrow
25:04 Crossbowman
26:00 Bodkin Arrow
26:56 Ballistics
38:37 Imperial Age
38:39 Arbalester
39:47 Bracer
43:20 Chemistry
Le Théoricien
9:57 Loom
11:42 Feudal Age
17:38 Castle Age
15:28 Double-Bit Axe
19:51 Bow Saw
19:44 Town Watch
24:26 Horse Collar
25:42 Wheelbarrow
27:41 Hand Cart
28:50 Scale Barding Armor
28:56 Forging
30:26 Fletching
30:58 Chain Barding Armor
33:35 Forging
33:31 Gold Mining
33:33 Stone Mining
34:06 Husbandry
34:30 Bloodlines
35:17 Iron Casting
36:24 Light Cavalry
37:44 Gold Shaft Mining
38:24 Heavy Plow
44:05 Imperial Age
42:31 First Crusade
42:14 Scale Mail Armor
43:49 Chain Mail Armor
43:13 Pikeman
43:53 Squires
44:14 Town Patrol
44:52 Hauberk
44:09 Cavalier
46:11 Plate Barding Armor
47:13 Stone Shaft Mining
48:26 Conscription
49:10 Halberdier
Connection lost

Rejoining the realm…

Still unreachable

The connection could not be restored.

Session expired

The server has moved on; the page needs a fresh start.